AoeStats
← Xeuro

Arena

509043957Analyzed
2v2 RM · 7d ago on Sep 25, 2026· 41m 2s· 4 players
Game mode
Random Map
Map size
Medium (4 player)
Population
200
Speed
Normal
Resources
Standard
Victory
Conquest
Starting age
Dark Age
Ending age
Imperial Age
RankedLock teamsTeams togetherTeam positionsShared explorationLock speedFull tech treeHidden civsTurbo modeCheats
Victory
Defeat
🇺🇸 Danes · United States
834
+17
🇦🇺 Saracens · Australia
834
+17
🇳🇱 Malians · Netherlands
884
-19
🇮🇹 Danes · Italy
813
-15
Xeuro
0:32 Loom
11:40 Feudal Age
12:48 Double-Bit Axe
12:44 Horse Collar
13:41 Wheelbarrow
12:54 Town Watch
20:35 Castle Age
19:42 Forging
19:33 Scale Mail Armor
23:13 Squires
23:02 Arson
25:21 Fletching
26:57 Husbandry
27:22 Bodkin Arrow
32:33 Murder Holes
35:36 Imperial Age
34:36 Masonry
36:25 Guard Tower
39:07 Light Cavalry
kwis
10:26 Feudal Age
13:27 Horse Collar
13:35 Double-Bit Axe
15:05 Loom
19:19 Castle Age
24:46 Thumb Ring
24:35 Fletching
25:03 Padded Archer Armor
31:17 Bodkin Arrow
32:30 Ballistics
31:50 Crossbowman
32:46 Leather Archer Armor
33:44 Wheelbarrow
35:43 Imperial Age
33:06 Town Watch
33:48 Scale Barding Armor
34:00 Bow Saw
35:00 Chain Barding Armor
35:58 Hand Cart
36:15 Arbalester
37:38 Heavy Plow
37:30 Light Cavalry
38:30 Bracer
38:08 Light Cavalry
40:13 Ring Archer Armor
40:33 Forging
41:16 Forging
Rilenzo
13:11 Feudal Age
12:17 Loom
14:33 Double-Bit Axe
18:18 Castle Age
17:26 Double-Bit Axe
17:37 Fletching
17:49 Scale Mail Armor
18:06 Forging
18:17 Man-at-Arms
20:04 Man-at-Arms
21:02 Squires
29:53 Ballistics
31:12 Iron Casting
41:03 Imperial Age
39:47 Chain Mail Armor
Peppe_04
9:57 Feudal Age
10:48 Double-Bit Axe
10:47 Horse Collar
21:53 Castle Age
23:04 Loom
29:06 Bow Saw
28:59 Heavy Plow
29:27 Elite Skirmisher
30:14 Thumb Ring
41:07 Imperial Age
Connection lost

Rejoining the realm…

Still unreachable

The connection could not be restored.

Session expired

The server has moved on; the page needs a fresh start.